 Dungeon Crawl Stone Soup version 0.28.0-53-g5a82cb258f (webtiles) character file.

Game seed: 6920563112089845962

58 Ashen the Chiller (level 3, -4/26 HPs)
             Began as a Demonspawn Ice Elementalist on Aug 17, 2022.
             Killed from afar by an orc wizard (8 damage)
             ... with a puff of flame
             ... on level 2 of the Dungeon.
             The game lasted 00:03:03 (1707 turns).

Ashen the Chiller (Demonspawn Ice Elementalist)     Turns: 1707, Time: 00:03:04

Health: -4/26      AC:  2    Str:  8    XL:     3   Next: 76%
Magic:  6/6        EV: 12    Int: 18    God:
Gold:   66         SH:  0    Dex: 13    Spells: 2/6 levels left

rFire   . . .      SeeInvis .   (no weapon)
rCold   . . .      Faith    .   (no shield)
rNeg    . . .      Spirit   .   (no armour)
rPois   .          Reflect  .   (helmet restricted)
rElec   .          Harm     .   (no cloak)
rCorr   .          Rampage  .   (no gloves)
Will    .....                   (no boots)
Stlth   ++........              (no amulet)
HPRegen 0.08/turn               (no ring)
MPRegen 0.10/turn               (no ring)

@: no status effects
A: horns 1, yellow scales 1
a: no special abilities


You were on level 2 of the Dungeon.
You visited 1 branch of the dungeon, and saw 2 of its levels.

You collected 66 gold pieces.

Inventory:

Armour
 a - a +0 robe
 g - a +0 leather armour
Scrolls
 b - a scroll of enchant armour {unknown}
 c - 2 scrolls of identify {unknown}
 d - a scroll of torment {unknown}
 e - a scroll of amnesia {unknown}
 f - a scroll of vulnerability {unknown}
 h - a scroll of blinking {unknown}
Potions
 i - a potion of might {unknown}


   Skills:
 + Level 1.3 Fighting
 + Level 2.3 Dodging
 + Level 2.3 Stealth
 + Level 2.4 Spellcasting
 + Level 3.9 Ice Magic


You had 2 spell levels left.
You knew the following spells:

 Your Spells              Type           Power      Damage    Failure   Level
a - Freeze                Ice            64%        1d8       3%          1
b - Frozen Ramparts       Ice            32%        1d5       11%         3

Your spell library contained the following spells:

 Spells                   Type           Power      Damage    Failure   Level
 Ozocubu's Armour         Ice            16%        N/A       11%         3
 Hailstorm                Conj/Ice       9%         3d4       61%         4


Dungeon Overview and Level Annotations

Branches:
Dungeon (2/15)

Altars:


Innate Abilities, Weirdness & Mutations

You have a pair of small horns on your head.
You are partially covered in yellow scales. (AC +2)


Message History

You bump into the closed door.
The orc completely misses you.
You hit the orc wizard but do no damage.
You headbutt the orc wizard.
The orc wizard is lightly wounded.
The orc wizard hits you with a +0 dagger.
The orc closely misses you. The orc closely misses you.
You bump into the rock wall.
The orc wizard misses you. The orc hits you with a +0 dagger.
* * * LOW HITPOINT WARNING * * *
The orc wizard mumbles some strange words.
The orc wizard flickers and vanishes!
The orc hits you with a +0 dagger.
* * * LOW HITPOINT WARNING * * *
You bump into the rock wall.
The orc hits you with a +0 dagger.
* * * LOW HITPOINT WARNING * * *
You feel less confused. The orc closely misses you.
Casting: Freeze (safe; 3% risk of failure)
Confirm with . or Enter, or press ? or * to list all spells.
Aiming: Freeze (safe; 3% risk of failure)
Press: ? - help, Shift-Dir - straight line, f - orc
Aim: an orc, wielding a +0 dagger (moderately wounded)
You freeze the orc.
The orc is heavily wounded.
The orc closely misses you.
Casting: Freeze (safe; 3% risk of failure)
Confirm with . or Enter, or press ? or * to list all spells.
Aiming: Freeze (safe; 3% risk of failure)
Press: ? - help, Shift-Dir - straight line, f/p - orc
Aim: an orc, wielding a +0 dagger (heavily wounded)
You freeze the orc!
You kill the orc!
You hear some strange, mumbled words.
A puff of flame appears from out of thin air!
The puff of flame misses you.
Unknown command.
A puff of flame appears from out of thin air!
The puff of flame hits you!
You die...

####### #########
##.....#######........
####..>...............^..
#..#...##.#######†#######
####..#...............o.....
#<....#....@..{o.....#######
####.##.........#######.....
#.............######.####
####..............##.....
#.........###..##.#...
##...###### #.#.#.#... #...#
#.#.#.###. #...# #.###.##..
#...# #.##...#..


You could see an orc.

Vanquished Creatures
  3 adders
  A worm (D:2)
  A dart slug (D:1)
  An orc (D:2)
  2 ball pythons
  4 endoplasms (D:1)
  A goblin (D:1)
  3 hobgoblins
  3 quokkas
  2 bats (D:1)
  2 frilled lizards (D:1)
  3 rats
26 creatures vanquished.

Vanquished Creatures (others)
  4 toadstools (D:1)
4 creatures vanquished.

Grand Total: 30 creatures vanquished

Notes
Turn   | Place    | Note
-------+----------+-------------------------------------------
     0 | D:1      | Ashen the Demonspawn Ice Elementalist began the quest for
                  | the Orb.
     0 | D:1      | Reached XP level 1. HP: 13/13 MP: 3/3
   327 | D:1      | Gained mutation: You are partially covered in yellow
                  | scales. (AC +2) [demonic ancestry]
   327 | D:1      | Reached XP level 2. HP: 20/20 MP: 0/5
  1272 | D:2      | Reached skill level 1 in Fighting
  1272 | D:2      | Gained mutation: You have a pair of small horns on your
                  | head. [demonic ancestry]
  1272 | D:2      | Reached XP level 3. HP: 26/26 MP: 2/6
  1294 | D:1      | Learned a level 3 spell: Frozen Ramparts
  1707 | D:2      | Killed from afar by an orc wizard

Illustrated notes

Levels and vault maps discovered:
D:1:      ldierk_water_garden, layout_basic, hangedman_feature_mirror
D:2:      layout_basic, serial_shops, nicolae_shop_statue_plus,
          grunt_decor_fettered, minmay_misc_feat_square, minmay_misc_feat_plants

Skill      XL: |  1  2 |
---------------+-------+-----
Stealth        | 2 |  2.3
Dodging        | 2 |  2.3
Fighting       | 1 |  1.3
Spellcasting   | |  2.4
Ice Magic      | |  3.9

Action                   || total
-------------------------++-------
Melee: Unarmed           ||    19
       Headbutt          ||     2
 Cast: Freeze            ||    46
 Stab: Sleeping          ||     2
Armor: Robe              ||     8
       Skin              ||     2
Dodge: Dodged            ||    40
